 Dungeon Crawl Stone Soup version 0.31-a0-167-g1c394c0614 (webtiles) character file.

Game seed: 3855894531868238214

96 Drazool the Shooter (level 4, -6/28 HPs)
             Began as a Tengu Hunter on June 14, 2023.
             Splashed by a jelly's acid (9 damage)
             ... on level 2 of the Dungeon.
             The game lasted 00:02:42 (832 turns).

Drazool the Shooter (Tengu Hunter)                   Turns: 832, Time: 00:02:43

Health: -6/28      AC: -1    Str: 12    XL:     4   Next: 67%
Magic:  5/5        EV: 12    Int:  9    God:
Gold:   59         SH:  0    Dex: 19    Spells: 3/3 levels left

rFire   . . .        a - +0 shortbow
rCold   . . .        (shield currently unavailable)
rNeg    . . .        c - +0 leather armour
rPois   .            (helmet restricted)
rElec   .            (no cloak)
rCorr   .            (no gloves)
SInv    .            (boots unavailable)
Will    .....        (no amulet)
Stlth   ++           (no ring)
HPRegen 0.24/turn    (no ring)
MPRegen 0.09/turn

%: no passive effects
@: corroded
A: beak, talons 3
a: no special abilities


You were on level 2 of the Dungeon.
You visited 1 branch of the dungeon, and saw 2 of its levels.

You collected 59 gold pieces.


Innate Abilities, Weirdness & Mutations

You have a beak for a mouth.
You have claws for feet.


   Skills:
 + Level 3.1 Fighting
 * Level 5.9 Ranged Weapons
 - Level 2.1 Dodging
 - Level 1.0 Stealth


You had 3 spell levels left.
You didn't know any spells.
Your spell library was empty.

Inventory:

Hand Weapons
 a - a +0 shortbow (weapon)
Armour
 c - a +0 leather armour (worn)
Magical Staves
 g - a staff of cold {!a}
Scrolls
 b - a scroll of butterflies
 e - a scroll of fear {unknown}
 j - a scroll of amnesia {unknown}
Potions
 d - a potion of cancellation {unknown}
 f - a potion of invisibility {unknown}
 h - a potion of lignification {unknown}
 i - a potion of magic {unknown}
 k - a potion of curing {unknown}

Dungeon Overview and Level Annotations

Branches:
Dungeon (2/15)

Altars:

### #######.##.J...[#
#####....#.#.#PPPP.÷#
#.##.....#.#.#÷..J..#
##.'......#'#)#PP.PPJ#
####..).....^..#.#.J÷...#
)))...)).......#.#.PP.P÷#
####..##.......#@#......#
...#.####......##JJ.P..P#
##.#.# ##########÷.....#
#.#.# ####### #.#.# #.#.#
##.#.# ...# ####


You could see a jelly and an endoplasm.


Message History

The arrow hits the jelly but does no damage.
The jelly is lightly wounded.
The jelly hits you.
You are splashed with acid!
* * * LOW HITPOINT WARNING * * *
You shoot an arrow. The arrow hits the jelly.
The jelly is moderately wounded.
The jelly closely misses you.
You shoot an arrow.
The arrow hits the jelly but does no damage.
The jelly is moderately wounded.
The jelly hits you.
* * * LOW HITPOINT WARNING * * *
You are splashed with acid!
* * * LOW HITPOINT WARNING * * *
You shoot an arrow.
The arrow hits the jelly but does no damage.
The jelly is moderately wounded.
The jelly barely misses you.
Unknown command.
You shoot an arrow. The arrow hits the jelly!
The jelly is severely wounded.
The jelly closely misses you.
Unknown command.
You shoot an arrow.
The arrow hits the jelly but does no damage.
The jelly is severely wounded.
The jelly hits you.
* * * LOW HITPOINT WARNING * * *
You are splashed with acid!
You die...

Skill      XL: |  1  2  3  4 |
---------------+-------------+-----
Ranged Weapons | 5 |  5.9
Fighting       | 3 |  3.1
Dodging        | |  2.1
Stealth        | |  1.0

Action                     |  1- 3 |  4- 6 || total
---------------------------+-------+-------++-------
   Fire: Shortbow          |   115 |    31 ||   146
 Armour: Leather armour    |     2 |     3 ||     5
  Dodge: Dodged            |    18 |    11 ||    29

Levels and vault maps discovered:
D:1:      dpeg_chamrin_arrival_tetris, layout_rooms, minmay_misc_feat_pillars
D:2:      cheibrodos_fertilizer, layout_basic, uniq_terence

Notes
Turn   | Place    | Note
-------+----------+-------------------------------------------
     0 | D:1      | Drazool the Tengu Hunter began the quest for the Orb.
     0 | D:1      | Reached XP level 1. HP: 12/12 MP: 2/2
   100 | D:1      | Reached XP level 2. HP: 17/17 MP: 3/3
   217 | D:1      | Reached skill level 5 in Ranged Weapons
   272 | D:1      | Reached XP level 3. HP: 22/22 MP: 4/4
   702 | D:2      | Reached XP level 4. HP: 27/27 MP: 5/5
   734 | D:2      | Reached skill level 3 in Fighting
   832 | D:2      | Splashed by a jelly's acid

Vanquished Creatures
  A jelly (D:2)
  An adder (D:2)
  A worm (D:1)
  3 ball pythons
  9 endoplasms
  5 goblins (D:1)
  3 hobgoblins (D:1)
  3 jackals (D:1)
  A quokka (D:1)
  2 bats (D:1)
  2 frilled lizards (D:1)
  11 kobolds
  6 rats (D:1)
48 creatures vanquished.

Table legend: (Time is in decaauts)
 A = Elapsed time spent in this place.
 B = Non-inter-level travel time spent in this place.
 C = Inter-level travel time spent in this place.
 D = Time resting spent in this place.
 E = Time spent auto-exploring this place.
 F = Levels seen in this place.
 G = Mean time per level.
                   A        B        C        D        E       F      G
               +--------+--------+--------+--------+--------+-----+--------+
         Total |    858 |    842 |     16 |     35 |    525 |   2 |  429.0 |
       Dungeon |    858 |    842 |     16 |     35 |    525 |   2 |  429.0 |
               +--------+--------+--------+--------+--------+-----+--------+

Top non-repeatable levels by time:
     D:1: 649 daAuts
     D:2: 208 daAuts

Table legend:
 A = Non-vault XP
 B = Vault XP
 C = Vault XP percentage of total XP
 D = Non-vault monster count
 E = Vault monster count
 F = Vault count percentage of total count
                 A         B        C        D         E       F
            +---------+---------+-------+---------+---------+-------
      Total |      71 |      67 |  48.6 |      34 |      14 |  29.2
            +---------+---------+-------+---------+---------+-------
        D:1 |      56 |       0 |   0.0 |      32 |       0 |   0.0
        D:2 |      15 |      67 |  81.7 |       2 |      14 |  87.5
            +---------+---------+-------+---------+---------+-------
